Ducks vs Canucks

Created - 18 mars 2018 at 23:19

Goals
1 2 3 T
Ducks 0 1 3 4
Canucks 1 2 0 3
Shots
1 2 3 T
Ducks 2 4 19 25
Canucks 12 16 10 38

1st period

1. Canucks , Cody Ceci 7 (Jonathan Marchessault 26, Adam Henrique 33) at 0:45

Penalties :
Brandon Dubinsky (ANA) for Roughing (Double Minor) at 4:16, Chris Kunitz (ANA) for Hooking (Minor) at 8:44, Karl Stollery (ANA) for Tripping (Minor) at 16:37

2nd period

2. Canucks , Jonathan Marchessault 28 (Adam Henrique 34) at 1:44
3. Ducks , Wayne Simmonds 26 (Nikita Zaitsev 27, Mark Scheifele 42) at 8:08 (PP)
4. Canucks , Alex Pietrangelo 12 (Erik Karlsson 50, Evgeny Kuznetsov 43) at 19:05 (PP)

Penalties :
Erik Karlsson (VAN) for Roughing (Minor) at 7:36, Kris Letang (ANA) for Holding (Minor) at 12:10, Braden Holtby (ANA) for Slashing (Minor) at 12:51 - Steve Ott served the penalty., Josh Manson (ANA) for Hooking (Minor) at 18:25

3rd period

5. Ducks , Gabriel Landeskog 16 (Claude Giroux 49) at 8:03
6. Ducks , Mark Scheifele 31 (Wayne Simmonds 33) at 9:21 (PP)
7. Ducks , David Backes 15 (Nikita Zaitsev 28, Brandon Dubinsky 16) at 19:48

Penalties :
Evgeny Kuznetsov (VAN) for Tripping (Minor) at 8:49, Nikita Zaitsev (ANA) for Hooking (Minor) at 17:02

Goalie Stats

Braden Holtby (ANA), 35 saves from 38 shots - (0.921), W, 26-28-6, 60:00 minutes
Petr Mrazek (VAN), 21 saves from 25 shots - (0.840), L, 4-6-0, 59:53 minutes

Players Stats for Ducks

Player Name              G  A  P  +/- PIM S  H  SB GA TA FO     MP     PP MP  PK MP  
------------------------------------------------------------------------------------
Andrew Shaw              0  0  0   0  0   0  1  0  0  0  0/2    11:41   1:04   1:05 
Brandon Dubinsky         0  1  1   1  4   1  2  0  0  0  11/30  17:35   0:00   6:05 
Chris Kunitz             0  0  0   1  2   0  2  0  0  0  1/3    11:19   0:00   0:00 
Claude Giroux            0  1  1  -1  0   3  0  1  0  0  16/22  15:45   0:00   0:00 
Colton Parayko           0  0  0   0  0   1  6  3  0  0  0/0    22:31   0:00   6:53 
David Backes             1  0  1   1  0   2  1  0  0  0  0/1    11:20   0:00   0:00 
Derek Forbort            0  0  0  -1  0   0  2  1  0  0  0/0    17:11   0:00   5:25 
Gabriel Landeskog        1  0  1   1  0   4  0  1  0  0  3/4    25:38   0:00   5:56 
Josh Manson              0  0  0   1  2   0  4  3  0  0  0/0    22:01   0:00   4:18 
Karl Stollery            0  0  0  -1  2   0  0  1  0  0  0/0    14:17   1:04   1:07 
Kris Letang              0  0  0   0  2   0  4  2  0  0  0/0    21:51   0:00   6:03 
Mark Scheifele           1  1  2   0  0   3  0  0  0  0  10/24  16:44   1:04   3:39 
Milan Lucic              0  0  0  -1  0   3  2  0  0  0  0/0    15:45   0:00   0:00 
Nikita Zaitsev           0  2  2   1  2   1  0  1  0  0  0/0    21:25   1:04   2:38 
Steve Ott                0  0  0   0  0   0  1  0  0  0  7/11   11:32   0:00   4:13 
T.J. Oshie               0  0  0  -2  0   0  0  1  0  0  0/1     4:53   0:00   0:00 
Wayne Simmonds           1  1  2   0  0   5  1  0  0  0  0/1    12:20   1:04   0:00 
Yanni Gourde             0  0  0   0  0   2  0  1  0  0  0/0    11:32   0:00   4:24 

Players Stats for Canucks

Player Name              G  A  P  +/- PIM S  H  SB GA TA FO     MP     PP MP  PK MP  
------------------------------------------------------------------------------------
Adam Henrique            0  2  2   0  0   5  2  1  0  0  13/30  20:58   5:25   1:04 
Alex Petrovic            0  0  0  -2  0   0  2  0  0  0  0/0    13:00   1:37   0:32 
Alex Pietrangelo         1  0  1   0  0   7  1  0  0  0  0/0    24:50   6:18   0:52 
Brayden Point            0  0  0   0  0   1  0  0  0  0  8/17   10:29   0:34   0:00 
Chris Kreider            0  0  0   0  0   0  1  0  0  0  0/0    19:14   5:17   0:00 
Cody Ceci                1  0  1   2  0   2  2  5  0  0  0/0    25:05   6:00   0:12 
Erik Karlsson            0  1  1  -2  2   4  2  0  0  0  0/0    29:14   6:03   0:20 
Evander Kane             0  0  0   0  0   3  1  0  0  0  0/1    12:54   2:15   1:04 
Evgeny Kuznetsov         0  1  1   0  2   3  1  0  0  0  20/36  21:45   6:35   0:00 
Jonathan Marchessault    1  1  2   0  0   4  1  0  0  0  1/1    19:14   5:17   0:00 
Logan Shaw               0  0  0   0  0   0  0  0  0  0  0/0     7:29   0:21   0:00 
Marcus Kruger            0  0  0   0  0   0  0  0  0  0  5/7     7:08   0:00   0:00 
Matt Duchene             0  0  0   0  0   0  1  0  0  0  3/4    22:49   7:35   0:00 
Mattias Ekholm           0  0  0   2  0   3  2  2  0  0  0/0    25:25   6:00   0:12 
Nathan Beaulieu          0  0  0   0  0   0  0  0  0  0  0/0     0:11   0:00   0:00 
Patrick Marleau          0  0  0   0  0   2  3  0  0  0  0/1    22:13   6:39   0:00 
Robby Fabbri             0  0  0   0  0   4  0  0  0  0  1/1     7:08   0:00   0:00 
Ryan Strome              0  0  0   0  0   0  1  0  0  0  0/1     9:48   0:24   0:00 

3 Stars

1 - Cody Ceci (VAN)
2 - Wayne Simmonds (ANA)
3 - Mark Scheifele (ANA)

Power Play

Ducks - 2 on 2 Attempt(s) - 100.00%
Canucks - 1 on 8 Attempt(s) - 12.50%

Penalty Kill

Ducks - 7 on 8 Attempt(s) - 87.50% - Score 0 goal in Penalty Kill
Canucks - 0 on 2 Attempt(s) - 0.00% - Score 0 goal in Penalty Kill

Team Stat

Ducks - Hits : 26 - Faceoff Wins : 48 - Blocked Shots : 15 - Penalty Minutes : 16
Canucks - Hits : 20 - Faceoff Wins : 51 - Blocked Shots : 8 - Penalty Minutes : 4

Official

Referees : Ian Walsh and Evgeny Romasko
Linesman : Shandor Alphonso and Andy McElman

Game Notes

Nathan Beaulieu is injured at 0:56 of 1st period (Sprained Left Ankle)
T.J. Oshie is injured at 3:39 of 2nd period (Bruised Left Shoulder)

Finance

Level 1 -- Attendance: 6280 (96.62%) -- Ticket Income 565 200 $
Level 2 -- Attendance: 4881 (97.62%) -- Ticket Income 341 670 $
Level 3 -- Attendance: 3311 (94.60%) -- Ticket Income 155 617 $
Level 4 -- Attendance: 2910 (100.00%) -- Ticket Income 72 750 $
Luxury Box -- Attendance: 721 (72.10%) -- Ticket Income 180 250 $
Game was played at the Rogers Arena.
Total Attendance: 18103 (95.73%)
Total Ticket Income: 1 315 487 $
Other Income: 197 323 $
Total Income: 1 512 810 $

% Time on Ice - Ducks

Lines # - Real PCT - Wanted PCT - Time Play
Normal Forward
1 - 25% - 34% - 11:16
2 - 35% - 30% - 15:45
3 - 25% - 25% - 11:20
4 - 16% - 11% - 7:08
Normal Defense
1 - 36% - 37% - 16:10
2 - 39% - 37% - 17:44
3 - 25% - 26% - 11:35
4 - 0% - 0% - 0:00
PP Forward
1 - 100% - 55% - 1:04
2 - 0% - 45% - 0:00
PP Defense
1 - 100% - 55% - 1:04
2 - 0% - 45% - 0:00
PK Forward
1 - 63% - 55% - 7:34
2 - 37% - 45% - 4:24
PK Defense
1 - 44% - 55% - 5:14
2 - 56% - 45% - 6:44
PK3 Forward
1 - 72% - 55% - 0:56
2 - 28% - 45% - 0:22
PK3 Defense
1 - 56% - 55% - 0:44
2 - 44% - 45% - 0:34
44 Forward
1 - 0% - 55%
2 - 0% - 45%
44 Defense
1 - 0% - 55%
2 - 0% - 45%
Last Minute Offensive  - 0:00
Last Minute Defensive  - 0:11
Total
Forward - 60:00
Defense - 60:00

% Time on Ice - Canucks

Lines # - Real PCT - Wanted PCT - Time Play
Normal Forward
1 - 33% - 37% - 15:00
2 - 31% - 32% - 13:57
3 - 21% - 20% - 9:24
4 - 16% - 11% - 7:08
Normal Defense
1 - 33% - 40% - 15:12
2 - 38% - 35% - 17:19
3 - 29% - 25% - 12:58
4 - 0% - 0% - 0:00
PP Forward
1 - 57% - 60% - 7:35
2 - 43% - 40% - 5:41
PP Defense
1 - 51% - 60% - 6:42
2 - 49% - 40% - 6:34
PK Forward
1 - 100% - 60% - 1:04
2 - 0% - 40% - 0:00
PK Defense
1 - 81% - 60% - 0:52
2 - 19% - 40% - 0:12
PK3 Forward
1 - 0% - 60%
2 - 0% - 40%
PK3 Defense
1 - 0% - 60%
2 - 0% - 40%
44 Forward
1 - 0% - 60%
2 - 0% - 40%
44 Defense
1 - 0% - 60%
2 - 0% - 40%
Last Minute Offensive  - 0:11
Last Minute Defensive  - 0:00
Total
Forward - 60:00
Defense - 60:00

Play by Play

1st period


0:01 of 1st period - Evgeny Kuznetsov wins face-off versus Mark Scheifele in neutral zone.
0:19 of 1st period - Shot by Gabriel Landeskog.
0:19 of 1st period - Stopped by Petr Mrazek without a rebound.
0:20 of 1st period - Adam Henrique wins face-off versus Claude Giroux in Canucks zone.
0:43 of 1st period - Shot by Jonathan Marchessault.
0:43 of 1st period - Shot Misses the Net.
0:45 of 1st period - Shot by Cody Ceci.
0:45 of 1st period - Goal by Cody Ceci - Ducks : 0 - Canucks : 1.
0:46 of 1st period - Brandon Dubinsky wins face-off versus Brayden Point in neutral zone.
0:49 of 1st period - Alex Petrovic is hit by Brandon Dubinsky and loses puck.
0:55 of 1st period - Nathan Beaulieu is hit by Chris Kunitz and loses puck.
0:56 of 1st period - Nathan Beaulieu from Canucks is injured at 0:56 of 1st period (Sprained Left Ankle).
0:57 of 1st period - Marcus Kruger wins face-off versus Steve Ott in neutral zone.
1:00 of 1st period - Shot by Alex Pietrangelo.
1:00 of 1st period - Shot Misses the Net.
1:10 of 1st period - Shot by Robby Fabbri.
1:10 of 1st period - Shot Blocked by Kris Letang.
2:26 of 1st period - Shot by Mark Scheifele.
2:26 of 1st period - Shot Misses the Net.
2:31 of 1st period - Icing by Alex Pietrangelo.
2:32 of 1st period - Brandon Dubinsky wins face-off versus Marcus Kruger in Canucks zone.
2:50 of 1st period - Off-side.
2:51 of 1st period - Evgeny Kuznetsov wins face-off versus Claude Giroux in neutral zone.
2:58 of 1st period - Shot by Patrick Marleau.
2:58 of 1st period - Stopped by Braden Holtby without a rebound.
2:59 of 1st period - Claude Giroux wins face-off versus Patrick Marleau in Ducks zone.
3:12 of 1st period - Shot by Matt Duchene.
3:12 of 1st period - Shot Blocked by Josh Manson.
3:16 of 1st period - Shot by Patrick Marleau.
3:16 of 1st period - Shot Hit the Post.
3:18 of 1st period - Shot by Evgeny Kuznetsov.
3:18 of 1st period - Shot Blocked by T.J. Oshie.
4:16 of 1st period - Double Minor Penalty to Brandon Dubinsky for Roughing.
4:17 of 1st period - Mark Scheifele wins face-off versus Evgeny Kuznetsov in Ducks zone.
5:22 of 1st period - Shot by Chris Kreider.
5:22 of 1st period - Shot Misses the Net.
5:24 of 1st period - Shot by Alex Pietrangelo.
5:24 of 1st period - Shot Misses the Net.
5:54 of 1st period - Shot by Adam Henrique.
5:54 of 1st period - Stopped by Braden Holtby without a rebound.
5:55 of 1st period - Evgeny Kuznetsov wins face-off versus Andrew Shaw in Ducks zone.
6:02 of 1st period - Shot by Mattias Ekholm.
6:02 of 1st period - Deflect By Evgeny Kuznetsov.
6:02 of 1st period - Shot Hit the Post.
6:04 of 1st period - Shot by Mattias Ekholm.
6:04 of 1st period - Stopped by Braden Holtby with a rebound.
6:06 of 1st period - Shot by Cody Ceci.
6:06 of 1st period - Stopped by Braden Holtby without a rebound.
6:07 of 1st period - Adam Henrique wins face-off versus Mark Scheifele in Ducks zone.
6:08 of 1st period - Shot by Erik Karlsson.
6:08 of 1st period - Shot Blocked by Josh Manson.
6:10 of 1st period - Shot by Alex Pietrangelo.
6:10 of 1st period - Stopped by Braden Holtby without a rebound.
6:11 of 1st period - Adam Henrique wins face-off versus Steve Ott in Ducks zone.
6:16 of 1st period - Shot by Jonathan Marchessault.
6:16 of 1st period - Stopped by Braden Holtby without a rebound.
6:17 of 1st period - Mark Scheifele wins face-off versus Evgeny Kuznetsov in Ducks zone.
7:40 of 1st period - Shot by Yanni Gourde.
7:40 of 1st period - Shot Blocked by Cody Ceci.
7:43 of 1st period - Icing by Mattias Ekholm.
7:44 of 1st period - Mark Scheifele wins face-off versus Adam Henrique in Canucks zone.
7:50 of 1st period - Icing by Chris Kreider.
7:51 of 1st period - Steve Ott wins face-off versus Adam Henrique in Canucks zone.
7:51 of 1st period - Steve Ott is hit by Cody Ceci.
7:55 of 1st period - Shot by Steve Ott.
7:55 of 1st period - Shot Blocked by Mattias Ekholm.
8:22 of 1st period - Erik Karlsson is hit by Kris Letang and loses puck.
8:30 of 1st period - Brayden Point is hit by Colton Parayko and loses puck.
8:34 of 1st period - Brayden Point is hit by Colton Parayko and loses puck.
8:44 of 1st period - Minor Penalty to Chris Kunitz for Hooking.
8:45 of 1st period - Matt Duchene wins face-off versus Brandon Dubinsky in Ducks zone.
10:22 of 1st period - Shot by Alex Pietrangelo.
10:22 of 1st period - Stopped by Braden Holtby without a rebound.
10:23 of 1st period - Matt Duchene wins face-off versus Brandon Dubinsky in Ducks zone.
10:46 of 1st period - Shot by Evander Kane.
10:46 of 1st period - Stopped by Braden Holtby without a rebound.
10:47 of 1st period - Claude Giroux wins face-off versus Brayden Point in Ducks zone.
10:47 of 1st period - Claude Giroux is hit by Ryan Strome.
11:09 of 1st period - T.J. Oshie is hit by Alex Petrovic and loses puck.
11:58 of 1st period - Shot by Marcus Kruger.
11:58 of 1st period - Shot Blocked by Nikita Zaitsev.
12:00 of 1st period - Shot by Marcus Kruger.
12:00 of 1st period - Shot Misses the Net.
13:38 of 1st period - Patrick Marleau is hit by Andrew Shaw and loses puck.
13:53 of 1st period - Andrew Shaw is hit by Alex Petrovic and loses puck.
15:09 of 1st period - Shot by Robby Fabbri.
15:09 of 1st period - Stopped by Braden Holtby with a rebound.
15:12 of 1st period - Marcus Kruger is hit by Kris Letang.
15:14 of 1st period - Shot by Adam Henrique.
15:14 of 1st period - Shot Blocked by Colton Parayko.
15:56 of 1st period - Claude Giroux is hit by Jonathan Marchessault and loses puck.
16:37 of 1st period - Minor Penalty to Karl Stollery for Tripping.
16:38 of 1st period - Evgeny Kuznetsov wins face-off versus Brandon Dubinsky in Ducks zone.
17:02 of 1st period - Evgeny Kuznetsov is hit by Kris Letang.
17:04 of 1st period - Shot by Evander Kane.
17:04 of 1st period - Stopped by Braden Holtby with a rebound.
17:06 of 1st period - Shot by Evgeny Kuznetsov.
17:06 of 1st period - Stopped by Braden Holtby with a rebound.
17:35 of 1st period - Erik Karlsson is hit by Steve Ott and loses puck.
17:39 of 1st period - Erik Karlsson is hit by Josh Manson and loses puck.
17:42 of 1st period - Shot by Erik Karlsson.
17:42 of 1st period - Shot Blocked by Yanni Gourde.
18:51 of 1st period - Shot by Logan Shaw.
18:51 of 1st period - Shot Blocked by Claude Giroux.
18:54 of 1st period - Icing by T.J. Oshie.
18:55 of 1st period - Claude Giroux wins face-off versus Brayden Point in Ducks zone.
19:08 of 1st period - Shot by Claude Giroux.
19:08 of 1st period - Stopped by Petr Mrazek without a rebound.
19:09 of 1st period - Marcus Kruger wins face-off versus Mark Scheifele in Canucks zone.
19:13 of 1st period - Icing by Marcus Kruger.
19:14 of 1st period - Marcus Kruger wins face-off versus Mark Scheifele in Canucks zone.
Goals for this period are 0 for Ducks vs 1 for Canucks.
Shots for this period are 2 for Ducks vs 12 for Canucks.

2nd period


0:01 of 2nd period - Mark Scheifele wins face-off versus Evgeny Kuznetsov in neutral zone.
0:06 of 2nd period - Shot by Wayne Simmonds.
0:06 of 2nd period - Deflect By Mark Scheifele.
0:06 of 2nd period - Shot Misses the Net.
0:38 of 2nd period - Icing by Alex Pietrangelo.
0:39 of 2nd period - Brandon Dubinsky wins face-off versus Evgeny Kuznetsov in Canucks zone.
0:49 of 2nd period - Matt Duchene is hit by Colton Parayko and loses puck.
1:18 of 2nd period - Icing by Cody Ceci.
1:19 of 2nd period - Adam Henrique wins face-off versus T.J. Oshie in Canucks zone.
1:44 of 2nd period - Shot by Jonathan Marchessault.
1:44 of 2nd period - Goal by Jonathan Marchessault - Ducks : 0 - Canucks : 2.
1:45 of 2nd period - Gabriel Landeskog wins face-off versus Evander Kane in neutral zone.
1:48 of 2nd period - Shot by Wayne Simmonds.
1:48 of 2nd period - Stopped by Petr Mrazek with a rebound.
1:51 of 2nd period - Icing by Erik Karlsson.
1:52 of 2nd period - Brayden Point wins face-off versus Mark Scheifele in Canucks zone.
2:03 of 2nd period - Shot by Brayden Point.
2:03 of 2nd period - Shot Misses the Net.
2:05 of 2nd period - Shot by Alex Pietrangelo.
2:05 of 2nd period - Stopped by Braden Holtby without a rebound.
2:06 of 2nd period - Evgeny Kuznetsov wins face-off versus Brandon Dubinsky in Ducks zone.
2:29 of 2nd period - Shot by Evgeny Kuznetsov.
2:29 of 2nd period - Shot Blocked by Kris Letang.
2:31 of 2nd period - Shot by Matt Duchene.
2:31 of 2nd period - Deflect By Evgeny Kuznetsov.
2:31 of 2nd period - Shot Blocked by Colton Parayko.
2:47 of 2nd period - Shot by Evgeny Kuznetsov.
2:47 of 2nd period - Shot Misses the Net.
3:02 of 2nd period - Icing by Erik Karlsson.
3:03 of 2nd period - Adam Henrique wins face-off versus Mark Scheifele in Canucks zone.
3:12 of 2nd period - Icing by Nikita Zaitsev.
3:13 of 2nd period - Brayden Point wins face-off versus Mark Scheifele in Ducks zone.
3:29 of 2nd period - Off-side.
3:30 of 2nd period - Claude Giroux wins face-off versus Adam Henrique in neutral zone.
3:38 of 2nd period - T.J. Oshie is hit by Mattias Ekholm.
3:39 of 2nd period - T.J. Oshie from Ducks is injured at 3:39 of 2nd period (Bruised Left Shoulder).
3:40 of 2nd period - Evgeny Kuznetsov wins face-off versus Mark Scheifele in Canucks zone.
4:54 of 2nd period - Shot by Andrew Shaw.
4:54 of 2nd period - Shot Blocked by Adam Henrique.
5:07 of 2nd period - Claude Giroux is hit by Cody Ceci and loses puck.
5:29 of 2nd period - Icing by Derek Forbort.
5:30 of 2nd period - Brandon Dubinsky wins face-off versus Brayden Point in Ducks zone.
5:32 of 2nd period - Icing by Chris Kunitz.
5:33 of 2nd period - Brayden Point wins face-off versus Brandon Dubinsky in Ducks zone.
5:40 of 2nd period - Shot by Brayden Point.
5:40 of 2nd period - Shot Misses the Net.
5:56 of 2nd period - Shot by Brandon Dubinsky.
5:56 of 2nd period - Shot Misses the Net.
6:21 of 2nd period - Icing by Ryan Strome.
6:22 of 2nd period - Brayden Point wins face-off versus Mark Scheifele in Canucks zone.
6:37 of 2nd period - Shot by Evgeny Kuznetsov.
6:37 of 2nd period - Stopped by Braden Holtby without a rebound.
6:38 of 2nd period - Claude Giroux wins face-off versus Evgeny Kuznetsov in Ducks zone.
6:38 of 2nd period - Claude Giroux is hit by Evgeny Kuznetsov.
7:03 of 2nd period - Mattias Ekholm is hit by Milan Lucic and loses puck.
7:15 of 2nd period - Evgeny Kuznetsov is hit by Colton Parayko and loses puck.
7:33 of 2nd period - Off-side.
7:34 of 2nd period - Brandon Dubinsky wins face-off versus Adam Henrique in neutral zone.
7:36 of 2nd period - Minor Penalty to Erik Karlsson for Roughing.
7:37 of 2nd period - Mark Scheifele wins face-off versus Adam Henrique in Canucks zone.
8:08 of 2nd period - Shot by Wayne Simmonds.
8:08 of 2nd period - Goal by Wayne Simmonds - Ducks : 1 - Canucks : 2.
8:09 of 2nd period - Marcus Kruger wins face-off versus Chris Kunitz in neutral zone.
8:16 of 2nd period - Shot by Robby Fabbri.
8:16 of 2nd period - Stopped by Braden Holtby without a rebound.
8:17 of 2nd period - Evgeny Kuznetsov wins face-off versus Claude Giroux in Ducks zone.
9:10 of 2nd period - Icing by Josh Manson.
9:11 of 2nd period - Claude Giroux wins face-off versus Adam Henrique in Ducks zone.
9:11 of 2nd period - Claude Giroux is hit by Adam Henrique.
9:37 of 2nd period - Shot by Adam Henrique.
9:37 of 2nd period - Stopped by Braden Holtby with a rebound.
9:39 of 2nd period - Shot by Erik Karlsson.
9:39 of 2nd period - Shot Misses the Net.
9:42 of 2nd period - Jonathan Marchessault is hit by Colton Parayko and loses puck.
10:42 of 2nd period - Steve Ott is hit by Alex Pietrangelo and loses puck.
10:53 of 2nd period - Shot by Alex Pietrangelo.
10:53 of 2nd period - Shot Misses the Net.
11:14 of 2nd period - Alex Pietrangelo is hit by Josh Manson and loses puck.
11:54 of 2nd period - Off-side.
11:55 of 2nd period - Adam Henrique wins face-off versus Chris Kunitz in neutral zone.
12:10 of 2nd period - Minor Penalty to Kris Letang for Holding.
12:11 of 2nd period - Brandon Dubinsky wins face-off versus Evgeny Kuznetsov in Ducks zone.
12:11 of 2nd period - Brandon Dubinsky is hit by Patrick Marleau.
12:22 of 2nd period - Off-side.
12:23 of 2nd period - Brandon Dubinsky wins face-off versus Adam Henrique in neutral zone.
12:43 of 2nd period - Shot by Chris Kreider.
12:43 of 2nd period - Shot Misses the Net.
12:47 of 2nd period - Shot by Jonathan Marchessault.
12:47 of 2nd period - Shot Misses the Net.
12:49 of 2nd period - Shot by Cody Ceci.
12:49 of 2nd period - Shot Misses the Net.
12:51 of 2nd period - Shot by Mattias Ekholm.
12:51 of 2nd period - Stopped by Braden Holtby without a rebound.
12:51 of 2nd period - Minor Penalty to Braden Holtby for Slashing.
12:52 of 2nd period - Brandon Dubinsky wins face-off versus Evgeny Kuznetsov in Ducks zone.
13:29 of 2nd period - Shot by Erik Karlsson.
13:29 of 2nd period - Stopped by Braden Holtby without a rebound.
13:30 of 2nd period - Mark Scheifele wins face-off versus Adam Henrique in Ducks zone.
13:39 of 2nd period - Shot by Adam Henrique.
13:39 of 2nd period - Stopped by Braden Holtby without a rebound.
13:40 of 2nd period - Adam Henrique wins face-off versus Mark Scheifele in Ducks zone.
13:47 of 2nd period - Shot by Jonathan Marchessault.
13:47 of 2nd period - Shot Misses the Net.
13:49 of 2nd period - Shot by Mattias Ekholm.
13:49 of 2nd period - Deflect By Jonathan Marchessault.
13:49 of 2nd period - Shot Misses the Net.
13:51 of 2nd period - Shot by Jonathan Marchessault.
13:51 of 2nd period - Stopped by Braden Holtby without a rebound.
13:52 of 2nd period - Evgeny Kuznetsov wins face-off versus Brandon Dubinsky in Ducks zone.
13:55 of 2nd period - Shot by Alex Pietrangelo.
13:55 of 2nd period - Stopped by Braden Holtby without a rebound.
13:56 of 2nd period - Evgeny Kuznetsov wins face-off versus Brandon Dubinsky in Ducks zone.
14:01 of 2nd period - Shot by Patrick Marleau.
14:01 of 2nd period - Shot Blocked by Derek Forbort.
14:03 of 2nd period - Shot by Alex Pietrangelo.
14:03 of 2nd period - Stopped by Braden Holtby without a rebound.
14:04 of 2nd period - Evgeny Kuznetsov wins face-off versus Brandon Dubinsky in Ducks zone.
14:29 of 2nd period - Shot by Evgeny Kuznetsov.
14:29 of 2nd period - Shot Misses the Net.
14:31 of 2nd period - Shot by Erik Karlsson.
14:31 of 2nd period - Stopped by Braden Holtby without a rebound.
14:32 of 2nd period - Adam Henrique wins face-off versus Brandon Dubinsky in Ducks zone.
14:59 of 2nd period - Shot by Claude Giroux.
14:59 of 2nd period - Stopped by Petr Mrazek without a rebound.
15:00 of 2nd period - Claude Giroux wins face-off versus Evgeny Kuznetsov in Canucks zone.
15:04 of 2nd period - Icing by Alex Pietrangelo.
15:05 of 2nd period - Claude Giroux wins face-off versus Evgeny Kuznetsov in Canucks zone.
15:18 of 2nd period - Icing by Josh Manson.
15:19 of 2nd period - Claude Giroux wins face-off versus Adam Henrique in Ducks zone.
15:26 of 2nd period - Shot by Chris Kreider.
15:26 of 2nd period - Shot Misses the Net.
15:28 of 2nd period - Shot by Chris Kreider.
15:28 of 2nd period - Shot Misses the Net.
15:52 of 2nd period - Shot by Jonathan Marchessault.
15:52 of 2nd period - Shot Misses the Net.
16:44 of 2nd period - Off-side.
16:45 of 2nd period - Steve Ott wins face-off versus Brayden Point in neutral zone.
16:56 of 2nd period - Shot by Evander Kane.
16:56 of 2nd period - Shot Misses the Net.
17:14 of 2nd period - Shot by Evander Kane.
17:14 of 2nd period - Stopped by Braden Holtby without a rebound.
17:15 of 2nd period - Marcus Kruger wins face-off versus Brandon Dubinsky in Ducks zone.
17:32 of 2nd period - Shot by Robby Fabbri.
17:32 of 2nd period - Stopped by Braden Holtby without a rebound.
17:33 of 2nd period - Claude Giroux wins face-off versus Evgeny Kuznetsov in Ducks zone.
17:44 of 2nd period - Shot by Matt Duchene.
17:44 of 2nd period - Shot Misses the Net.
17:46 of 2nd period - Shot by Erik Karlsson.
17:46 of 2nd period - Stopped by Braden Holtby without a rebound.
17:47 of 2nd period - Adam Henrique wins face-off versus David Backes in Ducks zone.
18:16 of 2nd period - Shot by Brandon Dubinsky.
18:16 of 2nd period - Stopped by Petr Mrazek without a rebound.
18:17 of 2nd period - Evgeny Kuznetsov wins face-off versus Mark Scheifele in Canucks zone.
18:21 of 2nd period - Alex Pietrangelo is hit by Wayne Simmonds and loses puck.
18:25 of 2nd period - Minor Penalty to Josh Manson for Hooking.
18:26 of 2nd period - Evgeny Kuznetsov wins face-off versus Brandon Dubinsky in Ducks zone.
18:27 of 2nd period - Shot by Matt Duchene.
18:27 of 2nd period - Shot Misses the Net.
18:29 of 2nd period - Shot by Patrick Marleau.
18:29 of 2nd period - Shot Misses the Net.
18:31 of 2nd period - Shot by Matt Duchene.
18:31 of 2nd period - Deflect By Evgeny Kuznetsov.
18:31 of 2nd period - Shot Misses the Net.
18:33 of 2nd period - Shot by Patrick Marleau.
18:33 of 2nd period - Deflect By Evgeny Kuznetsov.
18:33 of 2nd period - Shot Misses the Net.
19:05 of 2nd period - Shot by Alex Pietrangelo.
19:05 of 2nd period - Goal by Alex Pietrangelo - Ducks : 1 - Canucks : 3.
19:06 of 2nd period - Adam Henrique wins face-off versus Claude Giroux in neutral zone.
19:09 of 2nd period - Josh Manson is hit by Chris Kreider and loses puck.
19:40 of 2nd period - Shot by Josh Manson.
19:40 of 2nd period - Shot Blocked by Cody Ceci.
19:42 of 2nd period - Shot by Josh Manson.
19:42 of 2nd period - Shot Blocked by Cody Ceci.
19:44 of 2nd period - Shot by Josh Manson.
19:44 of 2nd period - Shot Blocked by Cody Ceci.
19:55 of 2nd period - Icing by Jonathan Marchessault.
19:56 of 2nd period - Steve Ott wins face-off versus Adam Henrique in Canucks zone.
Goals for this period are 1 for Ducks vs 2 for Canucks.
Shots for this period are 4 for Ducks vs 16 for Canucks.

3rd period


0:01 of 3rd period - Evgeny Kuznetsov wins face-off versus Mark Scheifele in neutral zone.
0:13 of 3rd period - Matt Duchene is hit by Colton Parayko and loses puck.
0:17 of 3rd period - Icing by Colton Parayko.
0:18 of 3rd period - Mark Scheifele wins face-off versus Adam Henrique in Ducks zone.
0:18 of 3rd period - Mark Scheifele is hit by Adam Henrique.
0:26 of 3rd period - Shot by Wayne Simmonds.
0:26 of 3rd period - Shot Blocked by Mattias Ekholm.
0:28 of 3rd period - Shot by Colton Parayko.
0:28 of 3rd period - Stopped by Petr Mrazek with a rebound.
0:30 of 3rd period - Shot by Wayne Simmonds.
0:30 of 3rd period - Shot Misses the Net.
0:42 of 3rd period - Shot by Gabriel Landeskog.
0:42 of 3rd period - Deflect By Mark Scheifele.
0:42 of 3rd period - Stopped by Petr Mrazek without a rebound.
0:43 of 3rd period - Brandon Dubinsky wins face-off versus Evgeny Kuznetsov in Canucks zone.
0:49 of 3rd period - David Backes is hit by Erik Karlsson and loses puck.
1:46 of 3rd period - Shot by Gabriel Landeskog.
1:46 of 3rd period - Shot Blocked by Cody Ceci.
1:56 of 3rd period - Shot by Milan Lucic.
1:56 of 3rd period - Stopped by Petr Mrazek without a rebound.
1:57 of 3rd period - Steve Ott wins face-off versus Brayden Point in Canucks zone.
1:58 of 3rd period - Shot by Andrew Shaw.
1:58 of 3rd period - Shot Misses the Net.
2:00 of 3rd period - Shot by Steve Ott.
2:00 of 3rd period - Shot Misses the Net.
2:02 of 3rd period - Shot by Yanni Gourde.
2:02 of 3rd period - Stopped by Petr Mrazek without a rebound.
2:03 of 3rd period - Steve Ott wins face-off versus Brayden Point in Canucks zone.
2:40 of 3rd period - Shot by Yanni Gourde.
2:40 of 3rd period - Shot Misses the Net.
2:43 of 3rd period - Icing by Erik Karlsson.
2:44 of 3rd period - Mark Scheifele wins face-off versus Brayden Point in Canucks zone.
2:47 of 3rd period - Shot by Gabriel Landeskog.
2:47 of 3rd period - Stopped by Petr Mrazek with a rebound.
3:02 of 3rd period - Off-side.
3:03 of 3rd period - Evgeny Kuznetsov wins face-off versus Brandon Dubinsky in neutral zone.
3:12 of 3rd period - Icing by Chris Kunitz.
3:13 of 3rd period - Adam Henrique wins face-off versus Brandon Dubinsky in Ducks zone.
3:27 of 3rd period - Chris Kreider is hit by Chris Kunitz and loses puck.
4:04 of 3rd period - Shot by Gabriel Landeskog.
4:04 of 3rd period - Shot Misses the Net.
4:06 of 3rd period - Shot by Nikita Zaitsev.
4:06 of 3rd period - Stopped by Petr Mrazek without a rebound.
4:07 of 3rd period - Evgeny Kuznetsov wins face-off versus Claude Giroux in Canucks zone.
4:16 of 3rd period - Alex Pietrangelo is hit by Milan Lucic.
4:21 of 3rd period - Icing by Alex Pietrangelo.
4:22 of 3rd period - Evgeny Kuznetsov wins face-off versus Steve Ott in Canucks zone.
4:29 of 3rd period - Icing by Steve Ott.
4:30 of 3rd period - Brayden Point wins face-off versus Andrew Shaw in Ducks zone.
4:43 of 3rd period - Shot by Brayden Point.
4:43 of 3rd period - Shot Misses the Net.
5:00 of 3rd period - Andrew Shaw is hit by Erik Karlsson and loses puck.
5:12 of 3rd period - Off-side.
5:13 of 3rd period - Evgeny Kuznetsov wins face-off versus Mark Scheifele in neutral zone.
5:32 of 3rd period - Wayne Simmonds is hit by Patrick Marleau and loses puck.
5:42 of 3rd period - Icing by Kris Letang.
5:43 of 3rd period - Adam Henrique wins face-off versus Gabriel Landeskog in Ducks zone.
6:11 of 3rd period - Icing by Alex Petrovic.
6:12 of 3rd period - Claude Giroux wins face-off versus Adam Henrique in Canucks zone.
6:52 of 3rd period - Off-side.
6:53 of 3rd period - Evgeny Kuznetsov wins face-off versus Brandon Dubinsky in neutral zone.
6:53 of 3rd period - Evgeny Kuznetsov is hit by David Backes.
7:02 of 3rd period - Icing by Derek Forbort.
7:03 of 3rd period - Brayden Point wins face-off versus Brandon Dubinsky in Ducks zone.
7:11 of 3rd period - Ryan Strome is hit by Derek Forbort and loses puck.
7:37 of 3rd period - Shot by Brayden Point.
7:37 of 3rd period - Stopped by Braden Holtby without a rebound.
7:38 of 3rd period - Gabriel Landeskog wins face-off versus Evgeny Kuznetsov in Ducks zone.
7:59 of 3rd period - Shot by Gabriel Landeskog.
7:59 of 3rd period - Stopped by Petr Mrazek without a rebound.
8:00 of 3rd period - Claude Giroux wins face-off versus Adam Henrique in Canucks zone.
8:03 of 3rd period - Shot by Gabriel Landeskog.
8:03 of 3rd period - Goal by Gabriel Landeskog - Ducks : 2 - Canucks : 3.
8:04 of 3rd period - Claude Giroux wins face-off versus Adam Henrique in neutral zone.
8:23 of 3rd period - Shot by Adam Henrique.
8:23 of 3rd period - Stopped by Braden Holtby with a rebound.
8:25 of 3rd period - Shot by Erik Karlsson.
8:25 of 3rd period - Stopped by Braden Holtby without a rebound.
8:26 of 3rd period - Evgeny Kuznetsov wins face-off versus Brandon Dubinsky in Ducks zone.
8:30 of 3rd period - Patrick Marleau is hit by Kris Letang.
8:49 of 3rd period - Minor Penalty to Evgeny Kuznetsov for Tripping.
8:50 of 3rd period - Adam Henrique wins face-off versus Wayne Simmonds in Canucks zone.
9:21 of 3rd period - Shot by Mark Scheifele.
9:21 of 3rd period - Goal by Mark Scheifele - Ducks : 3 - Canucks : 3.
9:22 of 3rd period - Claude Giroux wins face-off versus Evgeny Kuznetsov in neutral zone.
9:39 of 3rd period - Shot by Gabriel Landeskog.
9:39 of 3rd period - Shot Misses the Net.
9:41 of 3rd period - Shot by Claude Giroux.
9:41 of 3rd period - Stopped by Petr Mrazek without a rebound.
9:42 of 3rd period - Robby Fabbri wins face-off versus Brandon Dubinsky in Canucks zone.
10:03 of 3rd period - Icing by Cody Ceci.
10:04 of 3rd period - Mark Scheifele wins face-off versus Marcus Kruger in Canucks zone.
10:04 of 3rd period - Kris Letang is hit by Mattias Ekholm and loses puck.
10:13 of 3rd period - Shot by Logan Shaw.
10:13 of 3rd period - Shot Blocked by Gabriel Landeskog.
10:15 of 3rd period - Shot by Cody Ceci.
10:15 of 3rd period - Shot Misses the Net.
10:17 of 3rd period - Shot by Logan Shaw.
10:17 of 3rd period - Shot Blocked by Colton Parayko.
10:19 of 3rd period - Shot by Mattias Ekholm.
10:19 of 3rd period - Stopped by Braden Holtby without a rebound.
10:20 of 3rd period - Matt Duchene wins face-off versus Claude Giroux in Ducks zone.
10:20 of 3rd period - Evgeny Kuznetsov is hit by Derek Forbort.
10:24 of 3rd period - Shot by Patrick Marleau.
10:24 of 3rd period - Shot Misses the Net.
10:45 of 3rd period - Shot by Claude Giroux.
10:45 of 3rd period - Shot Misses the Net.
10:55 of 3rd period - Shot by Milan Lucic.
10:55 of 3rd period - Stopped by Petr Mrazek with a rebound.
11:09 of 3rd period - Josh Manson is hit by Patrick Marleau and loses puck.
11:22 of 3rd period - Shot by Adam Henrique.
11:22 of 3rd period - Stopped by Braden Holtby without a rebound.
11:23 of 3rd period - Jonathan Marchessault wins face-off versus Steve Ott in Ducks zone.
11:29 of 3rd period - Icing by Yanni Gourde.
11:30 of 3rd period - Steve Ott wins face-off versus Adam Henrique in Ducks zone.
11:53 of 3rd period - Shot by Yanni Gourde.
11:53 of 3rd period - Stopped by Petr Mrazek with a rebound.
12:22 of 3rd period - Icing by Nikita Zaitsev.
12:23 of 3rd period - Brayden Point wins face-off versus Mark Scheifele in Ducks zone.
12:24 of 3rd period - Shot by Ryan Strome.
12:24 of 3rd period - Shot Blocked by Josh Manson.
12:36 of 3rd period - Shot by Wayne Simmonds.
12:36 of 3rd period - Stopped by Petr Mrazek without a rebound.
12:37 of 3rd period - Claude Giroux wins face-off versus Evgeny Kuznetsov in Canucks zone.
12:40 of 3rd period - Shot by Gabriel Landeskog.
12:40 of 3rd period - Shot Hit the Post.
12:58 of 3rd period - Shot by Milan Lucic.
12:58 of 3rd period - Stopped by Petr Mrazek without a rebound.
12:59 of 3rd period - Brayden Point wins face-off versus Brandon Dubinsky in Canucks zone.
12:59 of 3rd period - Brayden Point is hit by Brandon Dubinsky.
13:20 of 3rd period - Shot by David Backes.
13:20 of 3rd period - Stopped by Petr Mrazek without a rebound.
13:21 of 3rd period - Mark Scheifele wins face-off versus Evgeny Kuznetsov in Canucks zone.
13:34 of 3rd period - Shot by Wayne Simmonds.
13:34 of 3rd period - Deflect By Gabriel Landeskog.
13:34 of 3rd period - Shot Misses the Net.
13:44 of 3rd period - Shot by Wayne Simmonds.
13:44 of 3rd period - Stopped by Petr Mrazek without a rebound.
13:45 of 3rd period - Claude Giroux wins face-off versus Adam Henrique in Canucks zone.
13:54 of 3rd period - Shot by Adam Henrique.
13:54 of 3rd period - Shot Misses the Net.
14:20 of 3rd period - Shot by Chris Kreider.
14:20 of 3rd period - Shot Misses the Net.
14:22 of 3rd period - Shot by Adam Henrique.
14:22 of 3rd period - Shot Misses the Net.
14:24 of 3rd period - Shot by Jonathan Marchessault.
14:24 of 3rd period - Stopped by Braden Holtby without a rebound.
14:25 of 3rd period - Brandon Dubinsky wins face-off versus Evgeny Kuznetsov in Ducks zone.
14:25 of 3rd period - Kris Letang is hit by Matt Duchene and loses puck.
14:38 of 3rd period - Shot by Patrick Marleau.
14:38 of 3rd period - Stopped by Braden Holtby without a rebound.
14:39 of 3rd period - Steve Ott wins face-off versus Ryan Strome in Ducks zone.
14:39 of 3rd period - Steve Ott is hit by Evander Kane.
15:08 of 3rd period - Shot by Alex Petrovic.
15:08 of 3rd period - Shot Blocked by Karl Stollery.
15:49 of 3rd period - Shot by Patrick Marleau.
15:49 of 3rd period - Shot Hit the Post.
15:51 of 3rd period - Shot by Evgeny Kuznetsov.
15:51 of 3rd period - Stopped by Braden Holtby with a rebound.
15:53 of 3rd period - Shot by Matt Duchene.
15:53 of 3rd period - Shot Misses the Net.
16:46 of 3rd period - Jonathan Marchessault is hit by Josh Manson and loses puck.
16:58 of 3rd period - Robby Fabbri is hit by Josh Manson and loses puck.
17:02 of 3rd period - Minor Penalty to Nikita Zaitsev for Hooking.
17:03 of 3rd period - Brandon Dubinsky wins face-off versus Matt Duchene in Ducks zone.
18:11 of 3rd period - Shot by Alex Pietrangelo.
18:11 of 3rd period - Stopped by Braden Holtby with a rebound.
18:29 of 3rd period - Shot by Alex Pietrangelo.
18:29 of 3rd period - Shot Misses the Net.
19:02 of 3rd period - Shot by Mark Scheifele.
19:02 of 3rd period - Shot Misses the Net.
19:28 of 3rd period - Shot by Robby Fabbri.
19:28 of 3rd period - Stopped by Braden Holtby without a rebound.
19:29 of 3rd period - Gabriel Landeskog wins face-off versus Brayden Point in Ducks zone.
19:36 of 3rd period - Shot by Wayne Simmonds.
19:36 of 3rd period - Stopped by Petr Mrazek with a rebound.
19:40 of 3rd period - Shot by Mark Scheifele.
19:40 of 3rd period - Stopped by Petr Mrazek without a rebound.
19:41 of 3rd period - Chris Kunitz wins face-off versus Adam Henrique in Canucks zone.
19:48 of 3rd period - Shot by David Backes.
19:48 of 3rd period - Goal by David Backes - Ducks : 4 - Canucks : 3.
19:49 of 3rd period - Evgeny Kuznetsov wins face-off versus Brandon Dubinsky in neutral zone.
19:53 of 3rd period - Canucks, Petr Mrazek is pulled from the net.
Goals for this period are 3 for Ducks vs 0 for Canucks.
Shots for this period are 19 for Ducks vs 10 for Canucks.